 Dungeon Crawl Stone Soup version 0.24-a0-615-g751f86b5a9 (webtiles) character file.

Game seed: 13684891811939532118, levelgen mode: deterministic

30056 Roikka the Blocker (level 13, -3/119 HPs)
             Began as a Minotaur Hunter on Sept 13, 2019.
             Was the Champion of Zin.
             Killed from afar by an oklob plant (4 damage)
             ... with a splash of acid
             ... on level 4 of the Lair of Beasts.
             The game lasted 01:05:01 (19234 turns).

Roikka the Blocker (Minotaur Hunter)               Turns: 19234, Time: 01:05:01

Health: -3/119     AC:  4    Str: 19    XL:     13   Next: 18%
Magic:  0/18       EV:  8    Int:  8    God:    Zin [******]
Gold:   756        SH: 16    Dex: 14    Spells: 11/12 levels left

rFire    x . .     SeeInvis .   S - +8 whip "Snakebite" {curare, rPois}
rCold    + . .     Gourm    .   x - +3 shield
rNeg     . . .     Faith    .   c - +0 plate armour
rPois    +         Spirit   +   (helmet restricted)
rElec    .         Reflect  .   (no cloak)
rCorr    .         Harm     .   l - +0 pair of gloves
MR       .....                  (no boots)
Stlth    ..........             E - amulet of guardian spirit
HPRegen  0.29/turn              T - ring of ice
MPRegen  0.16/turn              G - +2 ring of protection

@: corroded
A: retaliatory headbutt, horns 2
a: Recite, Vitalisation, Imprison, Sanctuary, Donate Gold, Renounce Religion


You were on level 4 of the Lair of Beasts.
You worshipped Zin.
Zin was exalted by your worship.
You were very hungry.

You visited 3 branches of the dungeon, and saw 16 of its levels.
You also visited: Ice Cave.

You collected 1062 gold pieces.
You spent 200 gold pieces at shops.
You donated 106 gold pieces to Zin.

Inventory:

Hand Weapons
 a - a +2 hand axe of venom
 b - a +2 flail of holy wrath
 C - a +1 antimagic hand axe
 I - the +5 falchion of Past Mistakes {antimagic, rF- rC+ Int+8}
   (You found it on level 11 of the Dungeon)

   It reduces the magical energy of the wielder, and disrupts the spells and
   magical abilities of those hit.
   Natural abilities and divine invocations are not affected.
   It affects your intelligence (+8).
   It makes you vulnerable to fire.
   It protects you from cold.
 S - the +8 whip "Snakebite" (weapon) {curare, rPois}
   (You found it on level 3 of the Lair of Beasts)

   It poisons the flesh of those it strikes.
   It protects you from poison.
Missiles
 y - 11 poisoned darts
 z - 2 throwing nets
 D - 5 javelins
 H - 6 boomerangs (quivered)
 M - 4 curare-tipped darts
Armour
 c - a +0 plate armour (worn)
 l - a +0 pair of gloves (worn)
 x - a +3 shield (worn)
Jewellery
 d - an uncursed ring of ice
 E - an amulet of guardian spirit (around neck)
 F - an uncursed ring of flight
 G - a +2 ring of protection (right hand)
 Q - an uncursed ring of wizardry
 T - a ring of ice (left hand)
Wands
 m - a wand of paralysis (9)
 u - a wand of iceblast (18)
 A - a wand of acid (9)
 K - a wand of flame (34)
 L - a wand of enslavement (10)
 V - a wand of disintegration (10)
Scrolls
 e - 7 scrolls of remove curse
 g - a scroll of fog
 i - 6 scrolls of teleportation
 p - 2 scrolls of immolation
 q - 2 scrolls of blinking
 J - a scroll of amnesia
 R - a scroll of identify
Potions
 h - 5 potions of curing
 j - 5 potions of mutation
 k - a potion of invisibility
 n - a potion of agility {unknown}
 o - 2 potions of lignification {unknown}
 r - 2 potions of brilliance {unknown}
 s - 2 potions of might {unknown}
 t - a potion of berserk rage
 v - 2 potions of resistance
 w - a potion of ambrosia {unknown}
 B - 2 potions of magic
 N - a potion of experience {unknown}
 O - a potion of flight
 X - 2 potions of cancellation {unknown}
Miscellaneous
 P - a sack of spiders
Comestibles
 f - 37 rations


   Skills:
 * Level 12.5 Fighting
 - Level 11.0(11.2) Axes
 * Level 3.5(8.0) Maces & Flails
 + Level 6.6 Throwing
 - Level 8.0 Armour
 - Level 5.0 Dodging
 - Level 0.7 Stealth
 * Level 13.5 Shields
 + Level 9.2 Invocations


You had 11 spell levels left.
You knew the following spells:

 Your Spells              Type           Power        Failure   Level  Hunger
a - Confusing Touch       Hex            #.....       100%        1    ##.....

Your spell library contained the following spells:

 Spells                   Type           Power        Failure   Level  Hunger
 Apportation              Tloc           #.....       100%        1    ##.....
 Magic Dart               Conj           #...         100%        1    ##.....
 Summon Butterflies       Summ           #.......     100%        1    ##.....
 Blink                    Tloc           N/A          100%        2    ###....
 Call Imp                 Summ           #.......     100%        2    ###....
 Slow                     Hex            #.......     100%        2    ###....
 Confuse                  Hex            #.......     100%        3    ####...
 Conjure Flame            Conj/Fire      #.......     100%        3    ####...
 Gell's Gravitas          Tloc           #.........   100%        3    ####...
 Lesser Beckoning         Tloc           #.........   100%        3    ####...
 Mephitic Cloud           Conj/Pois/Air  #.......     100%        3    ####...
 Tukima's Dance           Hex            #.......     100%        3    ####...
 Petrify                  Tmut/Erth      #.......     100%        4    #####..
 Alistair's Intoxication  Tmut/Pois      #.......     100%        5    ######.
 Metabolic Englaciation   Hex/Ice        #.........   100%        5    ######.
 Yara's Violent Unravell  Hex/Tmut       #.........   100%        5    ######.
 Invisibility             Hex            #.......     100%        6    #######


Dungeon Overview and Level Annotations

Branches:
Dungeon (11/15)            Temple (1/1) D:6            Lair (4/6) D:11
  Swamp (0/4) Lair:4       Spider (0/4) Lair:3        IceCv (visited)
    Orc: D:9-12

Altars:
Ashenzari
Dithmenos
Fedhas
Hepliaklqana
Vehumet
Zin
The Shining One

Shops:
D:6 [!

Annotations:
Lair:4 exclusion: oklob plant


Innate Abilities, Weirdness & Mutations

You reflexively headbutt those who attack you in melee.
You have a pair of horns on your head.


Message History

You hit the oklob plant but do no damage.
The oklob plant is severely damaged.
You hit the oklob plant but do no damage.
The oklob plant is severely damaged.
You hit the oklob plant but do no damage.
The oklob plant is severely damaged.
You hit the oklob plant but do no damage.
The oklob plant is severely damaged.
The oklob plant spits acid at you. The splash of acid hits you.
* * * LOW HITPOINT WARNING * * *
You are splashed with acid!
* * * LOW HITPOINT WARNING * * *
Okay, then.
You hit the oklob plant but do no damage.
You headbutt the oklob plant!
The oklob plant is almost destroyed.
The oklob plant spits acid at you. The splash of acid hits you.
You die... .........### ............ ............ ..........## #.#.......### #...........# ##### ##############............
P.PP.P

PPPPP.PPPPPP##............
.PPPP##PPPP#PPP#@PP##............
PPPPP.P#PPP#PP....P##............
PP##.PP##PP#PP.PP..P#............
#PP#PP........PPP#.##........♣..♣
###P...≈≈.≈≈..##PPP###P.....♣♣♣♣♣
P#P...≈≈≈.≈≈≈..PPPPP###.....♣..♣§
PPP..≈≈≈≈.≈≈≈≈..PPPP#.##...♣♣§§§§
PP#.≈≈≈≈≈.≈≈≈≈≈.P.PP#......♣.§§§§
P#P.≈≈≈≈...≈≈≈≈.P#.##.#P...♣..♣§≈


You could see an oklob plant.

Vanquished Creatures
  Fannar (Lair:1)
  5 hydras
  2 two-headed ogres
  A death yak (Lair:1)
  The ghost of kaisn the Geomancer, a novice FoEE of Cheibriados (D:6)
  An unseen horror (D:10)
  Pikel (D:7)
  A cyclops (D:10)
  3 ugly things
  2 black mambas (Lair:3)
  A gargoyle (D:10)
  6 spiny frogs
  4 komodo dragons (Lair:2)
  A troll (D:10)
  A queen bee (Lair:1)
  A tyrant leech (Lair:4)
  17 blink frogs
  Prince Ribbit (D:6)
  5 dream sheep (Lair:4)
  3 hippogriffs
  2 wyverns
  4 yaks (Lair:3)
  3 basilisks
  A spriggan (D:7)
  A steam dragon (D:11)
  2 swamp worms (Lair:4)
  19 water moccasins
  Duvessa (D:4)
  11 porcupines
  5 orc warriors
  10 ice beasts
  A phantom (D:5)
  3 sky beasts
  A slave (D:7)
  7 ogres
  4 wolves (Lair:3)
  7 centaurs
  5 crocodiles
  12 bullfrogs
  Dowan (D:4)
  A wyvern skeleton (D:10)
  5 scorpions
  26 killer bees
  3 crimson imps
  A centaur zombie (D:8)
  A quasit (D:6)
  5 hounds
  2 centaur skeletons
  An orc priest (D:3)
  A jelly (D:5)
  5 iguanas
  6 orc wizards
  9 worker ants
  A hound zombie (D:5)
  A hound skeleton (D:5)
  A worker ant zombie (D:9)
  4 gnolls
  16 adders
  3 oozes
  2 adder skeletons
  5 worms
  2 dart slugs (D:1)
  3 leopard geckos
  24 orcs
  8 bats
  8 giant cockroaches
  6 goblins
  8 hobgoblins
  2 jackals (D:9)
  5 kobolds
  5 quokkas
  3 ball pythons
  7 frilled lizards
  A jackal skeleton (D:4)
  2 quokka skeletons
  2 quokka zombies
  6 rats
  A bush (Lair:4)
  A butterfly (D:10)
  2 plants
353 creatures vanquished.

Vanquished Creatures (others)
  2 orc wizards (D:6)
  7 plants
9 creatures vanquished.

Grand Total: 362 creatures vanquished

Notes
Turn   | Place    | Note
-------+----------+-------------------------------------------
     0 | D:1      | Roikka the Minotaur Hunter began the quest for the Orb.
     0 | D:1      | Reached XP level 1. HP: 18/18 MP: 0/0
    92 | D:1      | Reached XP level 2. HP: 25/25 MP: 1/1
   391 | D:1      | Reached XP level 3. HP: 24/31 MP: 2/2
  1759 | D:3      | Reached XP level 4. HP: 40/40 MP: 3/3
  1770 | D:3      | Reached skill level 1 in Shields
  2042 | D:3      | Reached XP level 5. HP: 47/47 MP: 4/4
  2415 | D:3      | Reached skill level 2 in Shields
  2810 | D:4      | Reached skill level 5 in Fighting
  2810 | D:4      | Reached skill level 3 in Shields
  2834 | D:4      | Noticed an ogre
  2847 | D:4      | Killed an ogre
  2847 | D:4      | Reached XP level 6. HP: 46/56 MP: 5/5
  3275 | D:4      | Noticed Dowan
  3276 | D:4      | Noticed Duvessa
  3309 | D:4      | Killed Duvessa
  3309 | D:4      | Reached skill level 1 in Armour
  3309 | D:4      | Reached skill level 5 in Dodging
  3309 | D:4      | Reached skill level 4 in Shields
  3323 | D:4      | Killed Dowan
  3323 | D:4      | Reached XP level 7. HP: 62/62 MP: 6/6
  3626 | D:5      | Entered Level 5 of the Dungeon
  3683 | D:5      | Reached skill level 5 in Shields
  3800 | D:5      | Reached skill level 6 in Shields
  3980 | D:5      | Found a glowing silver altar of Zin.
  3982 | D:5      | Found a hazy altar of Hepliaklqana.
  3984 | D:5      | Found a shadowy altar of Dithmenos.
  4015 | D:5      | Became a worshipper of Zin the Law-Giver
  4015 | D:5      | Reached * piety under Zin
  4178 | D:5      | Reached XP level 8. HP: 51/71 MP: 7/7
  4397 | D:6      | Found Isakliodd's Distillery.
  4621 | D:5      | Reached skill level 7 in Shields
  4720 | D:6      | Found a staircase to the Ecumenical Temple.
  4730 | Temple   | Entered the Ecumenical Temple
  4745 | D:6      | Bought a potion of haste for 100 gold pieces
  4745 | D:6      | Bought a potion of heal wounds for 50 gold pieces
  4745 | D:6      | Bought a potion of berserk rage for 50 gold pieces
  4763 | D:6      | Reached ** piety under Zin
  4776 | D:6      | Found a transporter.
  4788 | D:6      | Noticed Prince Ribbit
  4802 | D:6      | Killed Prince Ribbit
  4864 | D:6      | Found a transporter.
  4894 | D:6      | Reached skill level 8 in Shields
  5176 | D:6      | Reached skill level 5 in Armour
  5512 | D:5      | Noticed a rust devil
  5512 | D:5      | Noticed a rust devil
  5536 | D:6      | Reached XP level 9. HP: 51/81 MP: 0/8
  5559 | D:6      | Reached skill level 1 in Invocations
  5997 | D:6      | Reached skill level 1 in Axes
  5997 | D:6      | Reached skill level 9 in Shields
  6075 | D:6      | Found Koudumm's Armour Emporium.
  6217 | D:6      | Found a runed translucent gate.
  6217 | D:6      | Found a runed translucent gate.
  6217 | D:6      | Found a runed translucent gate.
  6217 | D:6      | Noticed kaisn's ghost (novice FoEE)
  7301 | D:7      | Learned a level 1 spell: Confusing Touch
  7330 | D:7      | Noticed Pikel
  7351 | D:7      | Killed Pikel
  7376 | D:7      | Found a radiant altar of Vehumet.
  7377 | D:7      | Found a shattered altar of Ashenzari.
  7597 | D:6      | Killed kaisn's ghost
  7597 | D:6      | Reached skill level 5 in Axes
  7907 | D:8      | Reached XP level 10. HP: 81/88 MP: 12/12
  7925 | D:8      | Reached *** piety under Zin
  8272 | D:8      | Found a glowing golden altar of the Shining One.
  8287 | D:8      | Reached skill level 5 in Invocations
  8968 | D:9      | Reached **** piety under Zin
  9353 | D:10     | Entered Level 10 of the Dungeon
  9420 | D:10     | Killed an unseen horror
  9420 | D:10     | Reached skill level 10 in Shields
  9781 | D:10     | Noticed a cyclops
  9810 | D:10     | Killed a cyclops
 10572 | D:10     | Noticed a gargoyle
 10594 | D:10     | Killed a gargoyle
 10955 | D:10     | Found a runed translucent door.
 10958 | D:10     | Found a runed translucent door.
 11248 | D:10     | Noticed a two-headed ogre
 11268 | D:10     | Killed a two-headed ogre
 11268 | D:10     | Reached XP level 11. HP: 79/97 MP: 11/15
 11580 | D:11     | Found a staircase to the Lair.
 11631 | D:11     | Noticed a two-headed ogre
 11641 | D:11     | Killed a two-headed ogre
 12025 | D:11     | Got an iridescent falchion
 12038 | D:11     | Identified the +5 falchion of Past Mistakes {antimagic, rF-
                  | rC+ Int+8} (You found it on level 11 of the Dungeon)
 12059 | D:11     | Reached skill level 11 in Shields
 12099 | D:11     | Noticed a green ugly thing
 12113 | D:11     | Killed a green ugly thing
 12381 | Lair:1   | Entered Level 1 of the Lair of Beasts
 12616 | Lair:1   | Reached skill level 10 in Fighting
 13039 | Lair:1   | Reached ***** piety under Zin
 13654 | Lair:2   | Reached skill level 5 in Throwing
 14015 | Lair:2   | Noticed Fannar
 14051 | Lair:2   | Noticed a five-headed hydra
 14175 | Lair:1   | Killed Fannar
 14175 | Lair:1   | Reached skill level 12 in Shields
 14175 | Lair:1   | Reached XP level 12. HP: 56/108 MP: 2/17
 14459 | Lair:2   | Noticed a death yak
 14461 | Lair:2   | Killed a five-headed hydra
 14765 | Lair:1   | Killed a death yak
 14891 | Lair:2   | Reached skill level 10 in Axes
 16067 | Lair:3   | Found a frozen archway.
 16077 | IceCv    | Entered an ice cave
 16113 | IceCv    | Found a transporter.
 16344 | IceCv    | Found a transporter.
 16921 | Lair:3   | Found a glowing silver altar of Zin.
 16992 | Lair:3   | Reached skill level 13 in Shields
 17242 | Lair:3   | Found the +8 whip "Snakebite" {curare, rPois}
 17371 | Lair:3   | Noticed a seven-headed hydra
 17386 | Lair:3   | Killed a seven-headed hydra
 17386 | Lair:3   | Reached skill level 1 in Maces & Flails
 17475 | Lair:3   | Found a hole to the Spider Nest.
 17743 | Lair:4   | Reached ****** piety under Zin
 17789 | Lair:4   | HP: 4/112 [blink frog (3)]
 17796 | Lair:4   | Reached XP level 13. HP: 24/118 MP: 1/18
 18610 | Lair:4   | Found a staircase to the Swamp.
 18905 | Lair:4   | Found a blossoming altar of Fedhas.
 19233 | Lair:4   | HP: 1/119 [acid (12)]
 19234 | Lair:4   | Killed from afar by an oklob plant

Levels and vault maps discovered:
D:1:      lightli_arrival_statuegarden, layout_basic, minmay_pentomino_w4
D:2:      layout_basic
D:3:      layout_basic, wad_rectangle_vault
D:4:      layout_basic, uniq_duvessa
D:5:      cheibrodos_iron_armory, layout_rooms, grunt_temple_overflow_open,
          first_ration
D:6:      gammafunk_cloud_chamber, layout_basic, temple_fountains, serial_shops,
          nicolae_shop_crystal, nicolae_shop_competitors_out_of_business,
          ebering_ghost_rock_garden, kennysheep_generic_room_13,
          uniq_prince_ribbit1
D:7:      layout_basic, gammafunk_temple_overflow_pools, the_bakery, uniq_pikel
D:8:      layout_loops_ring, kennysheep_little_box
D:9:      layout_layer_cave
D:10:     lemuel_insect_pit, layout_stronghold
D:11:     layout_basic, lair_entry_dummy
Temple:   eino_temple_scatter_basement
Lair:1:   layout_roguey [special_room_bee]
Lair:2:   statuecave_lemuel, layout_chaotic_city, hangedman_lair_generics_rect,
          uniq_fannar
Lair:3:   minmay_guarded_unrand_snakebite, layout_hall_layers,
          spider_nest_entry_web_field, portal_ice_cave_entry_pillars_1,
          basic_altar, st_stairs_11, grunt_megastairs_5
Lair:4:   layout_regular_city, palyth_hydra_swamp_entry,
          bh_autumn_forest_stairs, tgw_fedhas, grunt_megastairs_2,
          serial_bayou_shore_a

Skill      XL: |  1  2  3  4  5  6  7  8  9 10 11 12 13 |
---------------+----------------------------------------+-----
Fighting       | 3 4 5 6 7 8 9 10 12 | 12.5
Dodging        | 3 4 5 |  5.0
Shields        | 1 3 4 6 8 9 10 12 13 | 13.5
Armour         | 1 3 5 6 8 |  8.0
Invocations    | 4 7 8 9 |  9.2
Axes           | 5 7 9 11 | 11.0
Throwing       | 5 6 |  6.6
Maces & Flails | 2 3 |  3.5
Stealth        | |  0.7

Action                   |  1- 3 |  4- 6 |  7- 9 | 10-12 | 13-15 || total
-------------------------+-------+-------+-------+-------+-------++-------
Melee: Short sword       |   109 |   126 |    20 |       |       ||   255
       Headbutt          |    14 |    18 |    71 |   194 |    40 ||   337
       Unarmed           |       |    15 |       |       |       ||    15
       Long sword        |       |       |   188 |       |       ||   188
       Hand axe          |       |       |   163 |   786 |       ||   949
       Flail             |       |       |     9 |    10 |       ||    19
       Falchion          |       |       |       |    83 |       ||    83
       Whip              |       |       |       |    53 |   112 ||   165
Throw: Javelin           |       |     3 |    19 |       |       ||    22
       Dart              |       |     3 |     6 |    23 |       ||    32
       Boomerang         |       |       |       |    58 |     7 ||    65
       Throwing net      |       |       |       |     4 |       ||     4
Evoke: Wand              |       |       |       |     6 |       ||     6
  Use: Scroll            |       |    10 |     7 |    12 |       ||    29
       Potion            |       |       |     2 |     7 |     1 ||    10
 Stab: Confused          |       |     1 |       |       |       ||     1
       Held in net/web   |       |       |       |     1 |       ||     1
       Distracted        |       |       |       |     1 |       ||     1
  Eat: Chunk             |     3 |     4 |     5 |    20 |     3 ||    35
       Ration            |       |       |     3 |     4 |       ||     7
Armor: Leather armour    |    12 |       |       |       |       ||    12
       Ring mail         |    18 |    35 |       |       |       ||    53
       Scale mail        |       |     6 |    52 |       |       ||    58
       Skin              |       |     2 |       |       |       ||     2
       Plate armour      |       |       |   103 |   364 |    34 ||   501
Dodge: Dodged            |    55 |    55 |   105 |   233 |    15 ||   463
Block: Shield            |       |    36 |   261 |   667 |    42 ||  1006
       Rpst.: Long sword |       |       |    21 |       |       ||    21
       Falchion          |       |       |       |    11 |       ||    11

Table legend:
 A = Non-vault XP
 B = Vault XP
 C = Vault XP percentage of total XP
 D = Non-vault monster count
 E = Vault monster count
 F = Vault count percentage of total count
                 A         B        C        D         E       F
            +---------+---------+-------+---------+---------+-------
      Total |   27274 |   15664 |  36.5 |     250 |     100 |  28.6
            +---------+---------+-------+---------+---------+-------
        D:1 |      43 |      17 |  28.3 |      16 |       6 |  27.3
        D:2 |      18 |       0 |   0.0 |       7 |       0 |   0.0
        D:3 |     183 |       9 |   4.7 |      28 |       5 |  15.2
        D:4 |     347 |     225 |  39.3 |      12 |       2 |  14.3
        D:5 |     835 |       0 |   0.0 |      26 |       0 |   0.0
        D:6 |     599 |    1703 |  74.0 |      18 |       7 |  28.0
        D:7 |     433 |     864 |  66.6 |       9 |       2 |  18.2
        D:8 |     834 |       0 |   0.0 |      17 |       0 |   0.0
        D:9 |     380 |       0 |   0.0 |       9 |       0 |   0.0
       D:10 |    4468 |     413 |   8.5 |      25 |      12 |  32.4
       D:11 |    2836 |       0 |   0.0 |      14 |       0 |   0.0
     Lair:1 |    2418 |    3818 |  61.2 |      16 |      28 |  63.6
     Lair:2 |    4691 |    1734 |  27.0 |      16 |       6 |  27.3
     Lair:3 |    4616 |    2555 |  35.6 |      20 |      17 |  45.9
     Lair:4 |    4573 |    2669 |  36.9 |      17 |       7 |  29.2
      IceCv |       0 |    1657 | 100.0 |       0 |       8 | 100.0
            +---------+---------+-------+---------+---------+-------
